 Dungeon Crawl Stone Soup version 0.16.1-16-gc44b35d (webtiles) character file.

574 KarvaRausku the Slasher (level 7, 0/52 HPs)
             Began as a Human Fighter on Apr 15, 2015.
             Was a Believer of Makhleb.
             Slain by an orc
             ... wielding a +0 trident
              (5 damage)
             ... on level 4 of the Dungeon.
             The game lasted 00:07:12 (2979 turns).

KarvaRausku the Slasher (Human Fighter)             Turns: 2979, Time: 00:07:13

Health: 0/52       AC:  9    Str: 19    XL:     7   Next: 61%
Magic:  7/7        EV:  7    Int:  8    God:    Makhleb [**....]
Gold:   176        SH:  9    Dex: 12    Spells: 0 memorised, 6 levels left

rFire  . . .     SeeInvis .     a - +0 long sword
rCold  . . .     Clarity  .     b - +0 scale mail
rNeg   . . .     SustAb   .     c - +0 shield
rPois  .         Gourm    .     r - +0 helmet
rElec  .         Spirit   .     (no cloak)
rCorr  .         Warding  .     h - +0 pair of gloves
rMut   .         Stasis   .     (no boots)
MR     .....                    k - amulet of regeneration
Stlth  ..........               (no ring)
                                (no ring)

@: not resistant to hostile enchantments, extremely unstealthy
A: no striking features
a: Minor Destruction, Renounce Religion


You were on level 4 of the Dungeon.
You worshipped Makhleb.
Makhleb was pleased with you.
You were not hungry.

You visited 1 branch of the dungeon, and saw 4 of its levels.

You collected 176 gold pieces.

Inventory:

Hand weapons
 a - a +0 long sword (weapon)
Armour
 b - a +0 scale mail (worn)
 c - a +0 shield (worn)
 h - a +0 pair of gloves (worn)
 r - a +0 helmet (worn)
Jewellery
 k - an amulet of regeneration (around neck)
 s - an uncursed ring of ice {unknown}
Magical devices
 x - a wand of fireball (3)
Scrolls
 g - a scroll of teleportation {unknown}
 l - a scroll of enchant armour {unknown}
 m - 3 scrolls of remove curse {unknown}
 p - a scroll of immolation {unknown}
 q - 8 scrolls of identify {unknown}
 u - a scroll of enchant weapon {unknown}
Potions
 e - 6 potions of might
 f - 2 potions of curing {unknown}
 i - 3 potions of heal wounds {unknown}
 j - a potion of magic {unknown}
 n - a potion of beneficial mutation {unknown}
 t - a potion of restore abilities {unknown}
 z - a potion of haste
Comestibles
 d - 4 bread rations
 o - 4 fruits
 v - 2 beef jerkies
 w - a slice of pizza
 A - a royal jelly
 B - 3 chunks of flesh


   Skills:
 - Level 3.0 Fighting
 + Level 7.9 Long Blades
 - Level 3.0 Armour
 - Level 3.0 Shields


You had 6 spell levels left.
You didn't know any spells.

Dungeon Overview and Level Annotations

Branches:
Dungeon (4/15)
 Temple: D:4-7

Altars:
Makhleb
Okawaru
Ru
Sif Muna
Trog
Xom

Annotations:
D:3 SaintRoka's ghost, average DDBe; Sigmund


Message History

The orc wizard seems to speed up.
You slash the orc wizard!
The orc wizard is almost dead.
The orc wizard closely misses you. The orc completely misses you.
The orc wizard gestures at you while chanting.
You block the puff of frost.
You hit the orc wizard but do no damage.
The orc wizard is severely wounded.
The orc wizard gestures at you while chanting.
The puff of frost hits you!
* * * LOW HITPOINT WARNING * * *
The orc hits you from afar with a trident.
* * * LOW HITPOINT WARNING * * *
Drink which item? (? for menu, Esc to quit)
Okay, then.
You slash the orc wizard!
You kill the orc wizard!
Makhleb accepts your kill.
The orc hits you from afar with a trident.
You die...

#.. ##.......###............#
....#......................##
....#...........#####.....##
........#.......## ###..##
.........#.....## #..#
###......##o..## #..#
#........##)).# ###..##...
....####....o#########.........
.. ##....)@....รท.).........
##..................###
#..............>.....#
##...........##........
##....#####............
##..##.## ####..####..
#.####..# ... # ### ##.# ...
#.# .


You could see an orc.

Vanquished Creatures
  Grinder (D:3)
  An ogre (D:4)
  Blork the orc (D:4)
  A crimson imp (D:3)
  3 orc wizards (D:4)
  2 adders (D:3)
  5 worms
  A giant gecko (D:4)
  An ooze (D:2)
  7 orcs
  7 bats
  4 giant cockroaches
  15 goblins
  6 hobgoblins
  8 kobolds
  A quokka (D:2)
  A ball python (D:1)
  A giant newt (D:2)
  5 rats
71 creatures vanquished.

Notes
Turn   | Place    | Note
--------------------------------------------------------------
     0 | D:1      | KarvaRausku, the Human Fighter, began the quest for the Orb.
     0 | D:1      | Reached XP level 1. HP: 18/18 MP: 1/1
    99 | D:1      | Reached XP level 2. HP: 24/24 MP: 2/2
   674 | D:1      | Reached XP level 3. HP: 26/29 MP: 3/3
   937 | D:2      | Found a burning altar of Makhleb.
   937 | D:2      | Found a deep blue altar of Sif Muna.
   938 | D:2      | Found a bloodstained altar of Trog.
   943 | D:2      | Became a worshipper of Makhleb the Destroyer
  1056 | D:2      | Found a sacrificial altar of Ru.
  1320 | D:2      | Reached XP level 4. HP: 35/35 MP: 4/4
  1348 | D:2      | Reached skill level 4 in Long Blades
  1536 | D:3      | Found an iron altar of Okawaru.
  1679 | D:3      | Noticed Sigmund
  1690 | D:3      | Noticed SaintRoka's ghost (average DDBe)
  1739 | D:3      | Acquired Makhleb's first power
  1976 | D:3      | Found a shimmering altar of Xom.
  1994 | D:3      | Noticed Grinder
  2017 | D:3      | Paralysed by Grinder for 6 turns
  2030 | D:3      | Paralysed by Grinder for 3 turns
  2049 | D:3      | Killed Grinder
  2049 | D:3      | Reached skill level 6 in Long Blades
  2049 | D:3      | Reached XP level 5. HP: 30/41 MP: 5/5
  2049 | D:3      | Reached XP level 6. HP: 34/47 MP: 6/6
  2717 | D:4      | Noticed Blork the orc
  2735 | D:4      | Killed Blork the orc
  2735 | D:4      | Reached skill level 7 in Long Blades
  2735 | D:4      | Reached XP level 7. HP: 28/52 MP: 7/7
  2906 | D:4      | Acquired Makhleb's second power
  2979 | D:4      | Slain by an orc

Action                   |  1- 3 |  4- 6 |  7- 9 || total
-------------------------+-------+-------+-------++-------
Melee: Long sword        |   119 |   181 |    30 ||   330
  Eat: Chunk             |     2 |     4 |     2 ||     8
